TOP OF THE 1ST |
Kenosha Kingfish batting - Pitching for Pensacola Pilots : LHP Ramón Vázquez
|
Pitching: LHP Ramón Vázquez
|
|
Batting: RHB Bob Lee
|
0-0: Foul Ball, location: 2F 0-1: Ball 1-1: Called Strike 1-2: Foul Ball, location: 2F 1-2: Ball 2-2: Ball 3-2: Base on Balls
|
Batting: SHB John Beach
|
0-0: Ball 1-0: Ball 2-0: Foul Ball, location: 2F 2-1: Foul Ball, location: 2F 2-2: Strikes out swinging
|
Batting: RHB Manuel Gómez
|
0-0: Ball 1-0: Swinging Strike 1-1: Ball 2-1: Fielders Choice at 2nd, 6-4 (Groundball, 6)
|
Batting: RHB Sergio Mata
|
0-0: Called Strike 0-1: Fly out, F8 (Flyball, 8RM)
|
Top of the 1st over - 0 run(s), 0 hit(s), 0 error(s), 1 left on base; Kenosha 0 - Pensacola 0 |
BOTTOM OF THE 1ST |
Pensacola Pilots batting - Pitching for Kenosha Kingfish : RHP Doug Scott
|
Pitching: RHP Doug Scott
|
|
Batting: LHB Nick Gamble
|
0-0: Ball 1-0: Ball 2-0: Called Strike 2-1: Ball 3-1: Base on Balls
|
Batting: RHB Jesús Sánchez
|
0-0: Fly out, F5 (Popup, 5D)
|
Batting: LHB Pedro Ramos
|
0-0: Swinging Strike 0-1: Called Strike 0-2: Strikes out looking
|
Batting: RHB Peter Bishop
|
0-0: Ball 1-0: Ball Wild Pitch! Nick Gamble to second 2-0: Ball 3-0: Called Strike 3-1: Base on Balls
|
Batting: LHB Weston Chaney
|
0-0: Ball 1-0: Called Strike 1-1: Swinging Strike 1-2: Ball 2-2: Fly out, F7 (Flyball, 7S)
|
Bottom of the 1st over - 0 run(s), 0 hit(s), 0 error(s), 2 left on base; Kenosha 0 - Pensacola 0 |
TOP OF THE 2ND |
Kenosha Kingfish batting - Pitching for Pensacola Pilots : LHP Ramón Vázquez
|
Batting: SHB Devin Smith
|
0-0: Called Strike 0-1: Ground out 6-3 (Groundball, 6)
|
Batting: RHB Eugene Williams
|
0-0: Called Strike 0-1: Called Strike 0-2: Strikes out looking
|
Batting: LHB Gustavo Gómez
|
0-0: Called Strike 0-1: Ball 1-1: Ball 2-1: Ball 3-1: Called Strike 3-2: SINGLE (Line Drive, 9LM)
|
Batting: LHB Dusty Wilson
|
0-0: Ball 1-0: Foul Ball, location: 2F 1-1: Ball 2-1: Fly out, F7 (Flyball, 78S)
|
Top of the 2nd over - 0 run(s), 1 hit(s), 0 error(s), 1 left on base; Kenosha 0 - Pensacola 0 |
BOTTOM OF THE 2ND |
Pensacola Pilots batting - Pitching for Kenosha Kingfish : RHP Doug Scott
|
Batting: LHB Ricardo García
|
0-0: Ball 1-0: SINGLE (Line Drive, 34D)
|
Batting: RHB Jonny Lord
|
0-0: Ball 1-0: Foul Ball, location: 2F 1-1: SINGLE (Line Drive, 8LS) Ricardo García to second
|
Batting: RHB Gustavo Rodríguez
|
0-0: Foul Ball, location: 2F 0-1: Fly out, F8 (Flyball, 89M)
|
Batting: RHB Jesús García
|
0-0: Called Strike Ricardo García steals 3rd base Jonny Lord to second 0-1: Swinging Strike 0-2: Ground out 6-3 (Groundball, 6) Ricardo García scores
|
Batting: LHB Nick Gamble
|
0-0: Ball 1-0: Called Strike 1-1: Called Strike 1-2: Ball 2-2: Ball 3-2: Strikes out swinging
|
Bottom of the 2nd over - 1 run(s), 2 hit(s), 0 error(s), 1 left on base; Kenosha 0 - Pensacola 1 |
TOP OF THE 3RD |
Kenosha Kingfish batting - Pitching for Pensacola Pilots : LHP Ramón Vázquez
|
Batting: RHB Tommy Davenport
|
0-0: Ball 1-0: Ball 2-0: Called Strike 2-1: Ball 3-1: SINGLE (Flyball, 89S)
|
Batting: RHB Bob Lee
|
0-0: Foul Ball, location: 2F 0-1: Fly out, F3 (Popup, 3L)
|
Batting: SHB John Beach
|
0-0: Called Strike 0-1: Foul Ball, location: 2F 0-2: Strikes out looking
|
Batting: RHB Manuel Gómez
|
0-0: Called Strike 0-1: Ball 1-1: Ball 2-1: Ball 3-1: Called Strike 3-2: SINGLE (Groundball, 34D) Tommy Davenport to second Tommy Davenport to third
|
Batting: RHB Sergio Mata
|
0-0: Swinging Strike 0-1: Ball 1-1: Ball Manuel Gómez is caught stealing 2nd base
|
Top of the 3rd over - 0 run(s), 2 hit(s), 0 error(s), 0 left on base; Kenosha 0 - Pensacola 1 |
BOTTOM OF THE 3RD |
Pensacola Pilots batting - Pitching for Kenosha Kingfish : RHP Doug Scott
|
Batting: RHB Jesús Sánchez
|
0-0: Ball 1-0: Ball 2-0: Called Strike 2-1: Ball 3-1: Base on Balls
|
Batting: LHB Pedro Ramos
|
0-0: Swinging Strike 0-1: Ball 1-1: Called Strike 1-2: Fly out, F7 (Flyball, 78M)
|
Batting: RHB Peter Bishop
|
0-0: Hit by Pitch Jesús Sánchez to second
|
Batting: LHB Weston Chaney
|
0-0: Ball 1-0: Ball 2-0: Ball 3-0: Called Strike 3-1: Base on Balls Jesús Sánchez to third Peter Bishop to second
|
Batting: LHB Ricardo García
|
0-0: Called Strike 0-1: Foul Ball, location: 2F 0-2: Fielders Choice at 2nd, 4-6 (Groundball, 4) Jesús Sánchez scores Peter Bishop to third
|
Batting: RHB Jonny Lord
|
0-0: Ball 1-0: Ball 2-0: Called Strike 2-1: Called Strike 2-2: Fly out, F8 (Flyball, 8RS)
|
Bottom of the 3rd over - 1 run(s), 0 hit(s), 0 error(s), 2 left on base; Kenosha 0 - Pensacola 2 |
TOP OF THE 4TH |
Kenosha Kingfish batting - Pitching for Pensacola Pilots : LHP Ramón Vázquez
|
Batting: RHB Sergio Mata
|
0-0: Ball 1-0: Ball 2-0: Fly out, F9 (Line Drive, 9)
|
Batting: SHB Devin Smith
|
0-0: Called Strike 0-1: Ball 1-1: Called Strike 1-2: Ball 2-2: Foul Ball, location: 2F 2-2: Ball 3-2: Strikes out swinging
|
Batting: RHB Eugene Williams
|
0-0: Fly out, F8 (Line Drive, 8LM)
|
Top of the 4th over - 0 run(s), 0 hit(s), 0 error(s), 0 left on base; Kenosha 0 - Pensacola 2 |
BOTTOM OF THE 4TH |
Pensacola Pilots batting - Pitching for Kenosha Kingfish : RHP Doug Scott
|
Batting: RHB Gustavo Rodríguez
|
0-0: Ball 1-0: Ground out 6-3 (Groundball, 6)
|
Batting: RHB Jesús García
|
0-0: Ball 1-0: Swinging Strike 1-1: Swinging Strike 1-2: Ball 2-2: Strikes out swinging
|
Batting: LHB Nick Gamble
|
0-0: Called Strike 0-1: Ground out 4-3 (Groundball, 4)
|
Bottom of the 4th over - 0 run(s), 0 hit(s), 0 error(s), 0 left on base; Kenosha 0 - Pensacola 2 |
TOP OF THE 5TH |
Kenosha Kingfish batting - Pitching for Pensacola Pilots : LHP Ramón Vázquez
|
Batting: LHB Gustavo Gómez
|
0-0: Ball 1-0: Fly out, F8 (Flyball, 8LD)
|
Batting: LHB Dusty Wilson
|
0-0: Called Strike 0-1: Swinging Strike 0-2: Foul Ball, location: 2F 0-2: Ball 1-2: Foul Ball, location: 2F 1-2: Ball 2-2: Ground out U3 (Groundball, 3)
|
Batting: RHB Tommy Davenport
|
0-0: Ball 1-0: Foul Ball, location: 2F 1-1: Ball 2-1: Ground out 6-3 (Groundball, 6)
|
Top of the 5th over - 0 run(s), 0 hit(s), 0 error(s), 0 left on base; Kenosha 0 - Pensacola 2 |
BOTTOM OF THE 5TH |
Pensacola Pilots batting - Pitching for Kenosha Kingfish : RHP Doug Scott
|
Batting: RHB Jesús Sánchez
|
0-0: Ball 1-0: Ground out 4-3 (Groundball, 4S)
|
Batting: LHB Pedro Ramos
|
0-0: Called Strike 0-1: SINGLE (Groundball, 4D)
|
Batting: RHB Peter Bishop
|
Balk! Pedro Ramos to second 0-0: Foul Ball, location: 2F 0-1: Ball 1-1: Ball 2-1: Called Strike 2-2: Foul Ball, location: 2F 2-2: Foul Ball, location: 2F 2-2: Fly out, F9 (Flyball, 89D) Runner from 2nd tags up, SAFE at 3rd, no throw
|
Batting: LHB Weston Chaney
|
0-0: Called Strike 0-1: Foul Ball, location: 2F 0-2: SINGLE (Groundball, 3D) Pedro Ramos scores
|
Batting: LHB Ricardo García
|
0-0: Ball 1-0: Fly out, F8 (Flyball, 8LS)
|
Bottom of the 5th over - 1 run(s), 2 hit(s), 0 error(s), 1 left on base; Kenosha 0 - Pensacola 3 |
TOP OF THE 6TH |
Kenosha Kingfish batting - Pitching for Pensacola Pilots : LHP Ramón Vázquez
|
Batting: RHB Bob Lee
|
0-0: Called Strike 0-1: DOUBLE (Line Drive, 8LXD)
|
Batting: SHB John Beach
|
0-0: Ball 1-0: SINGLE (Flyball, 9LS) Bob Lee to third
|
Batting: RHB Manuel Gómez
|
0-0: Called Strike 0-1: Fly out, F8 (Line Drive, 8RM) Runner from 3rd tags up, SCORES, no throw
|
Batting: RHB Sergio Mata
|
0-0: Swinging Strike 0-1: Reached on error, E5 (Groundball, 56) John Beach to second
|
Batting: SHB Devin Smith
|
0-0: Called Strike 0-1: Foul Ball, location: 2F 0-2: Foul Ball, location: 2F 0-2: Ball 1-2: Fly out, F9 (Line Drive, 9D) Runner from 2nd tags up, SAFE at 3rd, no throw
|
Batting: RHB Eugene Williams
|
0-0: Swinging Strike 0-1: Foul Ball, location: 2F Pickoff Throw to First - Error! E1 John Beach scores Sergio Mata to second 0-2: Strikes out swinging
|
Top of the 6th over - 2 run(s), 2 hit(s), 2 error(s), 1 left on base; Kenosha 2 - Pensacola 3 |
BOTTOM OF THE 6TH |
Pensacola Pilots batting - Pitching for Kenosha Kingfish : RHP Doug Scott
|
Batting: RHB Jonny Lord
|
0-0: Called Strike 0-1: SINGLE (Groundball, 34D)
|
Pitching: RHP Edwin Manning
|
|
Batting: RHB Gustavo Rodríguez
|
0-0: Ball 1-0: Called Strike Jonny Lord steals 2nd base 1-1: Intentional Walk
|
Batting: RHB Jesús García
|
0-0: Ball 1-0: Ball 2-0: Called Strike 2-1: Foul Ball, location: 2F 2-2: Ball 3-2: Strikes out swinging
|
Batting: LHB Nick Gamble
|
0-0: Foul Ball, location: 2F 0-1: Called Strike 0-2: Ball 1-2: Ball 2-2: Foul Ball, location: 2F 2-2: Foul Ball, location: 2F 2-2: Fly out, F2 (Popup, 2L)
|
Batting: RHB Jesús Sánchez
|
0-0: Ball 1-0: Ball 2-0: TRIPLE (Flyball, 9LM) Jonny Lord scores Gustavo Rodríguez scores
|
Batting: LHB Pedro Ramos
|
0-0: Ball 1-0: Ball 2-0: Foul Ball, location: 2F 2-1: Ball 3-1: SINGLE (Groundball, 6D) Jesús Sánchez scores
|
Pitching: RHP Augusto Ruíz
|
|
Batting: RHB Peter Bishop
|
0-0: Swinging Strike 0-1: Ball 1-1: Swinging Strike 1-2: Ball Throwing error on steal attempt, E2 Pedro Ramos to third 2-2: Strikes out swinging
|
Bottom of the 6th over - 3 run(s), 3 hit(s), 1 error(s), 1 left on base; Kenosha 2 - Pensacola 6 |
TOP OF THE 7TH |
Kenosha Kingfish batting - Pitching for Pensacola Pilots : LHP Ramón Vázquez
|
Batting: LHB Gustavo Gómez
|
0-0: Ball 1-0: Foul Ball, location: 2F 1-1: Ball 2-1: Foul Ball, location: 2F 2-2: Ball 3-2: SINGLE (Line Drive, 4MD)
|
Batting: LHB Dusty Wilson
|
0-0: Fly out, F9 (Flyball, 9)
|
Batting: RHB Tommy Davenport
|
0-0: Ball 1-0: Fly out, F8 (Flyball, 8RD)
|
Batting: RHB Bob Lee
|
0-0: Fly out, F9 (Line Drive, 9)
|
Top of the 7th over - 0 run(s), 1 hit(s), 0 error(s), 1 left on base; Kenosha 2 - Pensacola 6 |
BOTTOM OF THE 7TH |
Pensacola Pilots batting - Pitching for Kenosha Kingfish : RHP Augusto Ruíz
|
Batting: LHB Weston Chaney
|
0-0: Foul Ball, location: 2F 0-1: Called Strike 0-2: Ball 1-2: Fly out, F8 (Line Drive, 8LM)
|
Batting: LHB Ricardo García
|
0-0: Ball 1-0: Ball 2-0: Foul Ball, location: 2F 2-1: Foul Ball, location: 2F 2-2: Ball 3-2: Foul Ball, location: 2F 3-2: Strikes out swinging
|
Batting: RHB Jonny Lord
|
0-0: Ball 1-0: Ball 2-0: Ball 3-0: Called Strike 3-1: Ground out 4-3 (Groundball, 4)
|
Bottom of the 7th over - 0 run(s), 0 hit(s), 0 error(s), 0 left on base; Kenosha 2 - Pensacola 6 |
TOP OF THE 8TH |
Kenosha Kingfish batting - Pitching for Pensacola Pilots : LHP Ramón Vázquez
|
Batting: SHB John Beach
|
0-0: Ball 1-0: Foul Ball, location: 2F 1-1: Ball 2-1: Foul Ball, location: 2F 2-2: SINGLE (Line Drive, 6D)
|
Batting: RHB Manuel Gómez
|
0-0: Ball 1-0: Ball 2-0: Ball 3-0: Base on Balls John Beach to second
|
Batting: RHB Sergio Mata
|
0-0: Foul Ball, location: 2F 0-1: Swinging Strike 0-2: Ball 1-2: Fly out, F9 (Flyball, 9LM)
|
Batting: SHB Devin Smith
|
0-0: Ball 1-0: Foul Ball, location: 2F 1-1: Ball 2-1: Ball 3-1: Foul Ball, location: 2F 3-2: Base on Balls John Beach to third Manuel Gómez to second
|
Batting: RHB Eugene Williams
|
0-0: Ball 1-0: Fly out, F9 (Flyball, 9LS)
|
Batting: LHB Gustavo Gómez
|
0-0: Ball 1-0: Ball 2-0: Ball 3-0: Called Strike 3-1: Swinging Strike 3-2: Foul Ball, location: 2F 3-2: Strikes out swinging
|
Top of the 8th over - 0 run(s), 1 hit(s), 0 error(s), 3 left on base; Kenosha 2 - Pensacola 6 |
BOTTOM OF THE 8TH |
Pensacola Pilots batting - Pitching for Kenosha Kingfish : RHP Augusto Ruíz
|
Batting: RHB Gustavo Rodríguez
|
0-0: Called Strike 0-1: SINGLE (Line Drive, 3S)
|
Batting: RHB Jesús García
|
0-0: Sac Bunt - play at first, batter OUT! 1-3 Gustavo Rodríguez to second
|
Batting: LHB Nick Gamble
|
0-0: Called Strike 0-1: Ground out 4-3 (Groundball, 34) Gustavo Rodríguez to third
|
Batting: RHB Jesús Sánchez
|
0-0: Foul Ball, location: 2F 0-1: Ground out 5-3 (Groundball, 56S)
|
Bottom of the 8th over - 0 run(s), 1 hit(s), 0 error(s), 1 left on base; Kenosha 2 - Pensacola 6 |
TOP OF THE 9TH |
Kenosha Kingfish batting - Pitching for Pensacola Pilots : LHP Ramón Vázquez
|
Batting: LHB Dusty Wilson
|
0-0: Fly out, F8 (Flyball, 78S)
|
Batting: RHB Tommy Davenport
|
0-0: Called Strike 0-1: Ball 1-1: Ball 2-1: Ball 3-1: Base on Balls
|
Pitching: RHP Luis Salas
|
|
Batting: RHB Bob Lee
|
0-0: Ball 1-0: Fly out, F8 (Flyball, 8RS)
|
Batting: SHB John Beach
|
0-0: Swinging Strike 0-1: Fly out, F9 (Flyball, 9)
|
Top of the 9th over - 0 run(s), 0 hit(s), 0 error(s), 1 left on base; Kenosha 2 - Pensacola 6 |
|